 Dungeon Crawl Stone Soup version 0.28-a0-704-g4d584c6bc1 (webtiles) character file.

Game seed: 4423827559759972661

10826 MacCMillion the Zephyrmancer (level 11, -2/71 HPs)
             Began as a Tengu Air Elementalist on Oct 24, 2021.
             Was a Priest of Vehumet.
             Slain by a moth of wrath (14 damage)
             ... in a Gauntlet.
             The game lasted 01:13:27 (19194 turns).

MacCMillion the Zephyrmancer (TeAE)                Turns: 19194, Time: 01:13:28

Health: -2/71      AC:  6    Str: 10      XL:     11   Next: 68%
Magic:  10/21      EV: 16    Int: 18      God:    Vehumet [***...]
Gold:   581        SH:  4    Dex: 11 (14) Spells: 5/22 levels left

rFire   . . .      SeeInvis .   g - staff of air
rCold   . . .      Faith    .   q - +0 buckler
rNeg    . . .      Spirit   .   F - +1 steam dragon scales
rPois   .          Reflect  .   (helmet restricted)
rElec   +          Harm     .   (no cloak)
rCorr   .          Rampage  .   (no gloves)
Will    .....      NoTele   +   (boots unavailable)
Stlth   +++.......              A - amulet of Mysticism {Regen+ Slay+2 Stlth+}
HPRegen 1.21/turn               (no ring)
MPRegen 0.17/turn               (no ring)

@: flying quickly and evasively, hasted, very quick
A: beak, talons 3, nimble flight
a: Renounce Religion


You were in a Gauntlet.
You worshipped Vehumet.
Vehumet was most pleased with you.
You visited 3 branches of the dungeon, and saw 13 of its levels.
You also visited: Gauntlet.

You collected 581 gold pieces.

Inventory:

Hand Weapons
 c - a +0 whip
 p - a +0 dagger
 B - a +1 quarterstaff
Armour
 a - a +0 robe
 f - a +1 barding of fire resistance
 k - a +0 kite shield
 o - a +0 kite shield
 q - a +0 buckler (worn)
 s - a +1 robe of willpower
 D - a +0 leather armour
 F - +1 steam dragon scales (worn)
 M - a +0 troll leather armour
Magical Staves
 d - a staff of death
 g - a staff of air (weapon)
Jewellery
 A - the amulet of Mysticism (around neck) {Regen+ Slay+2 Stlth+}
   (You acquired it on level 7 of the Dungeon)

   [amulet of regeneration]

   Slay:      It affects your accuracy & damage with ranged weapons and melee
   (+2).
   Regen:     It increases your rate of health regeneration.
   Stlth:     It makes you more stealthy.
 C - an amulet of the acrobat
 G - a ring of fire
 L - an amulet of magic regeneration
Wands
 i - a wand of flame (45)
 m - a wand of polymorph (24)
 v - a wand of paralysis (8)
 I - a wand of acid (9)
Scrolls
 b - 2 scrolls of noise
 e - a scroll of fear
 h - 3 scrolls of immolation
 l - a scroll of enchant armour
 n - a scroll of amnesia
 y - 3 scrolls of enchant weapon
 z - a scroll of silence {unknown}
 K - a scroll of vulnerability {unknown}
Potions
 j - a potion of resistance
 r - 5 potions of curing
 u - 4 potions of brilliance
 w - 4 potions of attraction
 x - a potion of flight
 E - 2 potions of lignification
 J - a potion of invisibility
 N - a potion of magic
 O - a potion of heal wounds {unknown}


   Skills:
 + Level 9.4 Fighting
 - Level 5.0 Staves
 + Level 4.0 Armour
 - Level 5.0 Dodging
 + Level 3.8 Stealth
 - Level 4.0 Shields
 + Level 6.1 Spellcasting
 - Level 4.0 Conjurations
 * Level 4.7 Fire Magic
 + Level 11.1 Air Magic
 - Level 5.0 Evocations


You had 5 spell levels left.
You knew the following spells:

 Your Spells              Type           Power      Damage    Failure   Level
a - Inner Flame           Hex/Fire       14%        N/A       4%          3
b - Static Discharge      Conj/Air       49%        N/A       1%          2
c - Swiftness             Air            62%        N/A       1%          3
d - Airstrike             Air            31%        N/A       1%          4
e - Fireball              Conj/Fire      10%        3d6       16%         5

Your spell library contained the following spells:

 Spells                   Type           Power      Damage    Failure   Level
 Hailstorm                Conj/Ice       12%        3d5       13%         4
 Shock                    Conj/Air       100%       1d9       1%          1
 Animate Skeleton         Necr           10%        N/A       12%         1
 Pain                     Necr           20%        1d5       12%         1
 Slow                     Hex            5%         N/A       19%         2
 Confusing Touch          Hex            5%         N/A       34%         3
 Vampiric Draining        Necr           2%         2d6       34%         3
 Cause Fear               Hex            2%         N/A       75%         4
 Dispel Undead            Necr           5%         3d7       75%         4
 Discord                  Hex            2%         N/A       100%        8


Dungeon Overview and Level Annotations

Branches:
Dungeon (11/15)            Temple (1/1) D:4            Lair (1/6) D:8
    Orc (0/2) D:10        Gauntlet (1/1)

Altars:
Ashenzari
Cheibriados
Dithmenos
Elyvilon
Fedhas
Gozag
Hepliaklqana
Makhleb
Okawaru
Qazlal
Ru
Sif Muna
Trog
Uskayaw
Vehumet
Wu Jian
Xom
Yredelemnul
Zin
The Shining One
Beogh

Shops:
D:7 =?*

Annotations:
D:3 3 runed translucent doors, paps's ghost, amateur DsGl
D:11 3 runed translucent doors, exclusion: manticore Gauntlet 17 transporters


Innate Abilities, Weirdness & Mutations

You have a beak for a mouth.
You have claws for feet.
Your magical nature lets you fly swiftly and evasively.


Message History

The lightning grounds out.
The wolf howls!
The wolf rages.
The wolf bites you! The wolf misses you.
Casting: Static Discharge (safe; 1% risk of failure)
Confirm with . or Enter, or press ? or * to list all spells.
You don't know that spell.
Casting: Static Discharge (safe; 1% risk of failure)
Confirm with . or Enter, or press ? or * to list all spells.
You feel a surge of power!
The wolf is struck by an arc of lightning!
The wolf is heavily wounded.
You resist.
You are struck by an arc of lightning.
The wolf is struck by an arc of lightning.
The wolf is severely wounded.
The lightning grounds out.
You block the wolf's attack. The wolf misses you. The wolf bites you.
You miss the wolf. Your kick misses the wolf. The wolf misses you.
The wolf bites you. x2; The wolf bites you but does no damage.
The wolf rages.
The wolf bites you. The wolf bites you but does no damage. The wolf misses you.
The wolf barely misses you.
The moth of wrath goads the wolf on!
The wolf goes berserk!
The wolf barely misses you. The wolf closely misses you. The wolf bites you.
You block the wolf's attack. The wolf bites you! The wolf barely misses you.
The wolf bites you!
You see here a +1 barding of fire resistance.
f - a +1 barding of fire resistance You block the wolf's attack.
The wolf closely misses you. The wolf barely misses you.
The wolf completely misses you. The wolf bites you!
* * * LOW HITPOINT WARNING * * *
The wolf bites you.
* * * LOW HITPOINT WARNING * * *
Unknown command.
You feel yourself speed up. You block the wolf's attack.
The wolf completely misses you. You block the wolf's attack.
The wolf misses you. The wolf closely misses you. The moth of wrath misses you.
The wolf closely misses you.
There is a transporter here.
The moth of wrath bites you!
You die...

..#.#. .....#.#.##...##.#.#©.##
#.#.#.##. #.###.#..#... ..#.####.
.##.#.##.##.###.#...#.#...#.##..#
#################################
.........©#≈≈§§8≈§≈§#©...........
### #################### #####
≈8≈§#©.........©.........©#§≈8≈§#
#################################
.§.≈§©.§#.#...hh@?..#.#.........#
≈§≈≈§≈≈§#.#...#y#...#.#.........#
.≈§§§≈.x#.#....#....#.#.........#
≈.≈§§...#.#.#..#..#.#.#........!#
..≈..≈≈.#.#†#######.#.#....©...©#
x§≈≈.§.≈#.#†#.©#..#.#.#.........#
.≈.§≈x.≈#.#....#....#.#Q.......!#
≈≈≈..≈≈.#.#...###...#.#.........#
...≈≈x..#.#.........#.#QQ.......#


You could see a moth of wrath, a tengu conjurer and 2 wolves.

Vanquished Creatures
  A centaur warrior (D:9)
  A two-headed ogre (D:8)
  An elephant (D:8)
  A centaur zombie (D:11)
  An unseen horror (D:10)
  A komodo dragon (D:8)
  A troll (D:9)
  2 hornets
  A wyvern (D:7)
  Eustachio (D:4)
  A basilisk (D:8)
  13 yaks
  2 wraiths
  2 steam dragons
  3 vampire mosquitoes (D:10)
  Menkaure (D:4)
  An acid dragon (D:11)
  A water moccasin (D:6)
  4 orc warriors
  A sky beast (D:7)
  A black bear (D:8)
  2 necrophages
  3 wolves (Gauntlet)
  2 ogres
  2 centaurs
  4 phantoms
  A kobold brigand (D:9)
  2 bullfrogs
  A gnoll sergeant (D:6)
  6 scorpions
  A water moccasin skeleton (D:5)
  11 killer bees
  8 wights
  An electric eel (Lair:1)
  2 howler monkeys (D:6)
  A bullfrog zombie (D:6)
  A gnoll shaman (D:5)
  A bullfrog skeleton (D:7)
  5 orc priests
  2 centaur skeletons
  4 hounds
  A jelly (D:6)
  5 iguanas
  Jessica (D:3)
  9 orc wizards
  Terence (D:2)
  A killer bee zombie (D:5)
  Robin (D:2)
  11 gnolls
  6 adders
  A white imp (D:5)
  2 ufetubi
  An adder skeleton (D:4)
  3 worms
  24 orcs
  2 endoplasms
  5 giant cockroaches
  16 goblins
  4 hobgoblins
  4 jackals (D:1)
  6 quokkas
  4 ball pythons
  6 bats
  4 frilled lizards
  7 kobolds
  5 rats
231 creatures vanquished.

Vanquished Creatures (others)
  9 fungi
  23 plants
32 creatures vanquished.

Grand Total: 263 creatures vanquished

Notes
Turn   | Place    | Note
-------+----------+-------------------------------------------
     0 | D:1      | MacCMillion the Tengu Air Elementalist began the quest for
                  | the Orb.
     0 | D:1      | Reached XP level 1. HP: 10/10 MP: 4/4
    93 | D:1      | You fall into a shaft and drop 1 floor!
   340 | D:1      | Reached XP level 2. HP: 3/15 MP: 0/6
  1438 | D:2      | Noticed Terence
  1441 | D:2      | Reached XP level 3. HP: 15/19 MP: 4/7
  1444 | D:2      | Killed Terence
  1445 | D:2      | Reached skill level 5 in Air Magic
  1512 | D:2      | Learned a level 2 spell: Static Discharge
  1746 | D:2      | Reached XP level 4. HP: 24/24 MP: 4/8
  1828 | D:2      | Noticed Robin
  2020 | D:2      | Killed Robin
  2709 | D:3      | Noticed Jessica
  2716 | D:3      | Killed Jessica
  2717 | D:3      | Gained mutation: Your magical nature lets you fly swiftly
                  | and evasively. [Tengu growth]
  2717 | D:3      | Reached XP level 5. HP: 23/28 MP: 5/9
  2727 | D:3      | Reached skill level 1 in Fighting
  2835 | D:3      | Reached skill level 6 in Air Magic
  2937 | D:3      | Found a runed translucent gate.
  2938 | D:3      | Found a runed translucent gate.
  2939 | D:3      | Found a runed translucent gate.
  2941 | D:3      | Noticed paps's ghost (amateur DsGl)
  2942 | D:3      | Noticed a kobold brigand
  3534 | D:3      | HP: 1/30 [scorpion (5)]
  3538 | D:3      | Reached XP level 6. HP: 4/36 MP: 0/10
  3976 | D:3      | Learned a level 3 spell: Swiftness
  4392 | D:4      | Found a staircase to the Ecumenical Temple.
  4401 | Temple   | Entered the Ecumenical Temple
  4483 | Temple   | Became a worshipper of Vehumet
  4790 | D:4      | Found a glowing silver altar of Zin.
  4838 | D:4      | Reached skill level 7 in Air Magic
  4922 | D:4      | Got the Almanac of Black Secrets and Ignition
  4931 | D:4      | Learned a level 4 spell: Airstrike
  5059 | D:4      | Noticed a necrophage
  5148 | D:4      | Reached XP level 7. HP: 34/41 MP: 9/12
  5209 | D:4      | Noticed Menkaure
  5215 | D:4      | Killed Menkaure
  5557 | D:4      | Noticed Eustachio
  5657 | D:4      | Killed Eustachio
  6271 | D:5      | Entered Level 5 of the Dungeon
  6277 | D:5      | Reached skill level 5 in Fighting
  6513 | D:5      | Reached XP level 8. HP: 47/49 MP: 5/14
  6607 | D:5      | Reached skill level 8 in Air Magic
  7424 | D:5      | Reached skill level 9 in Air Magic
  8027 | D:5      | Reached skill level 1 in Shields
  8704 | D:5      | Reached XP level 9. HP: 56/56 MP: 8/17
 10308 | D:6      | Reached * piety under Vehumet
 10308 | D:6      | Offered knowledge of Sandblast by Vehumet.
 10502 | D:6      | Reached skill level 5 in Spellcasting
 10931 | D:6      | Identified the +0 leather armour of Naxzeped {Will- Str+5
                  | Dex+5}
 10937 | D:6      | Reached skill level 1 in Armour
 11062 | D:6      | Learned a level 5 spell: Fireball
 11263 | D:6      | Reached skill level 1 in Fire Magic
 11268 | D:6      | Reached ** piety under Vehumet
 11268 | D:6      | Offered knowledge of Poisonous Vapours by Vehumet.
 12039 | D:7      | Identified 2 scrolls of acquirement
 12039 | D:7      | Acquired a staff of air
 12042 | D:7      | Acquired the amulet of Mysticism {Regen+ Slay+2 Stlth+}
 12280 | D:7      | Found a shimmering altar of Xom.
 12352 | D:7      | Reached skill level 1 in Evocations
 12554 | D:7      | Reached skill level 5 in Dodging
 12698 | D:7      | Found Fadumpynaa's Jewellery Shoppe.
 12845 | D:7      | Reached XP level 10. HP: 63/63 MP: 8/19
 12995 | D:7      | Reached skill level 1 in Staves
 13424 | D:7      | Found Supn's Magic Scroll Shoppe.
 13424 | D:7      | Found Tenojif's General Store.
 13581 | D:8      | Noticed an elephant
 13581 | D:8      | Found a staircase to the Lair.
 13864 | D:8      | Killed an elephant
 13984 | D:8      | Noticed a two-headed ogre
 14175 | D:8      | Killed a two-headed ogre
 14315 | D:8      | Reached skill level 10 in Air Magic
 14786 | D:9      | Offered knowledge of Mephitic Cloud by Vehumet.
 15486 | D:9      | Reached XP level 11. HP: 69/69 MP: 9/21
 15560 | D:9      | Noticed a centaur warrior
 15841 | D:10     | Entered Level 10 of the Dungeon
 15851 | D:10     | Reached *** piety under Vehumet
 16351 | D:10     | Reached skill level 5 in Staves
 16443 | D:10     | Reached skill level 11 in Air Magic
 16473 | D:10     | Reached skill level 5 in Evocations
 16775 | D:10     | Found a staircase to the Orcish Mines.
 16960 | D:10     | Offered knowledge of Hailstorm by Vehumet.
 17278 | D:10     | Paralysed by a hornet for 3 turns
 17858 | D:9      | Killed a centaur warrior
 18058 | D:9      | Found an ornate altar of the Wu Jian Council.
 18061 | D:9      | Found a stormy altar of Qazlal.
 18061 | D:9      | Found a broken altar of Ashenzari.
 18065 | D:9      | Found a shadowy altar of Dithmenos.
 18400 | D:11     | Noticed a manticore
 18572 | D:11     | Found a runed translucent gate.
 18572 | D:11     | Found a runed translucent gate.
 18572 | D:11     | Found a runed translucent gate.
 18649 | Lair:1   | Entered Level 1 of the Lair of Beasts
 18751 | Lair:1   | Found a gate leading to a gauntlet.
 18761 | Gauntlet | Entered a Gauntlet
 18761 | Gauntlet | Found a transporter.
 18767 | Gauntlet | Noticed a tengu warrior
 18770 | Gauntlet | Found a transporter.
 18786 | Gauntlet | Found a transporter.
 18791 | Gauntlet | Found a transporter.
 18792 | Gauntlet | Noticed a wolf spider
 18793 | Gauntlet | Noticed a moth of wrath
 18806 | Gauntlet | Found a transporter.
 18825 | Gauntlet | Found a transporter.
 18836 | Gauntlet | Noticed a death yak
 18837 | Gauntlet | Found a transporter.
 18838 | Gauntlet | Noticed a death yak
 18838 | Gauntlet | Noticed a death yak
 18839 | Gauntlet | Noticed a death yak
 18845 | Gauntlet | Noticed a shadow dragon
 18846 | Gauntlet | Noticed a necromancer
 18848 | Gauntlet | Noticed an iron giant
 18848 | Gauntlet | a shadow dragon changed into an iron giant
 18849 | Gauntlet | Found a transporter.
 18849 | Gauntlet | Noticed a shadow dragon
 18849 | Gauntlet | an iron giant changed into a shadow dragon
 18852 | Gauntlet | Noticed a frost giant
 18852 | Gauntlet | a shadow dragon changed into a frost giant
 18853 | Gauntlet | Noticed an eleionoma
 18853 | Gauntlet | a frost giant changed into an eleionoma
 18856 | Gauntlet | Noticed an alligator snapping turtle
 18856 | Gauntlet | an eleionoma changed into an alligator snapping turtle
 18858 | Gauntlet | Noticed a sphinx
 18858 | Gauntlet | an alligator snapping turtle changed into a sphinx
 18861 | Gauntlet | Found a transporter.
 18862 | Gauntlet | Noticed an azure jelly
 18862 | Gauntlet | a sphinx changed into an azure jelly
 18864 | Gauntlet | Noticed a minotaur
 18864 | Gauntlet | an azure jelly changed into a minotaur
 18867 | Gauntlet | Found a transporter.
 18869 | Gauntlet | Noticed a dire elephant
 18869 | Gauntlet | Noticed a sphinx
 18869 | Gauntlet | a dire elephant changed into a sphinx
 18870 | Gauntlet | Noticed a ghost crab
 18882 | Gauntlet | Found a transporter.
 18888 | Gauntlet | Found a transporter.
 18927 | Gauntlet | Found a transporter.
 18927 | Gauntlet | Noticed a large abomination
 18945 | Gauntlet | Noticed a moth of wrath
 18952 | Gauntlet | Found a transporter.
 18954 | Gauntlet | Found a transporter.
 18974 | Gauntlet | Found a transporter.
 19052 | Gauntlet | Found a transporter.
 19063 | Gauntlet | Noticed a lindwurm
 19065 | Gauntlet | Noticed a salamander
 19065 | Gauntlet | a lindwurm changed into a salamander
 19072 | Gauntlet | Found a transporter.
 19077 | Gauntlet | Learned a level 3 spell: Inner Flame
 19078 | Gauntlet | Noticed a swamp dragon
 19078 | Gauntlet | a jumping spider changed into a swamp dragon
 19081 | Gauntlet | Noticed a glowing shapeshifter
 19081 | Gauntlet | a swamp dragon changed into a glowing shapeshifter
 19082 | Gauntlet | Noticed a shock serpent
 19082 | Gauntlet | a glowing shapeshifter changed into a shock serpent
 19083 | Gauntlet | Noticed a faun
 19083 | Gauntlet | a shock serpent changed into a faun
 19194 | Gauntlet | Slain by a moth of wrath

Illustrated notes

Levels and vault maps discovered:
D:1:      mainiacjoe_arrival_reflecting_pool, layout_basic
D:2:      layout_basic, uniq_robin, uniq_terence
D:3:      layout_rooms, gammafunk_ghost_nasty_kobolds, minmay_misc_feat_columns,
          uniq_jessica
D:4:      layout_basic, mainiacjoe_overflow_paths,
          minmay_temple_entry_sparse_star, uniq_menkaure, uniq_eustachio
D:5:      layout_basic, serial_glass, glass_columns_c, glass_columns_a,
          glass_columns_b, glass_columns_c, glass_columns_a, glass_columns_c,
          glass_columns_b, glass_columns_c, minmay_pentangle
D:6:      layout_cave_pools
D:7:      layout_basic, kennysheep_mini, serial_shops, shop, shop,
          nicolae_shop_waterfront
D:8:      layout_rooms, david_lair_generic
D:9:      layout_loops_corners, minitemple
D:10:     layout_basic, minmay_orc_entry_temple_small
D:11:     layout_basic, biasface_ghost_orc_armoury
Temple:   eino_temple_scatter_basement
Lair:1:   layout_roguey, basic_altar, gauntlet_entry_generic,
          minmay_stone_trees_large, minivault_23, serial_bayou_lagoon_b,
          lemuel_fruit_fields
Gauntlet: gammafunk_gauntlet_one_two_three [nicolae_gauntlet_arena_t_cross,
          gammafunk_gauntlet_arena_open, nicolae_gauntlet_arena_flowing_pool,
          gammafunk_gauntlet_arena_hedges, gammafunk_gauntlet_arena_mazey,
          gammafunk_gauntlet_arena_chambers, gammafunk_gauntlet_arena_crates,
          nicolae_gauntlet_arena_x, nicolae_gauntlet_arena_blocks,
          nicolae_gauntlet_exit_dead_adventurers]

Skill      XL: |  1  2  3  4  5  6  7  8  9 10 11 |
---------------+----------------------------------+-----
Conjurations   | 2 3 4 |  4.0
Air Magic      | 5 6 7 9 10 11 | 11.1
Fighting       | 2 3 5 6 7 8 9 |  9.4
Spellcasting   | 3 4 5 6 |  6.1
Shields        | 2 4 |  4.0
Dodging        | 3 5 |  5.0
Armour         | 2 4 |  4.0
Fire Magic     | 2 4 |  4.7
Evocations     | 1 4 5 |  5.0
Staves         | 4 5 |  5.0
Stealth        | 3 |  3.8

Action                   |  1- 3 |  4- 6 |  7- 9 | 10-12 || total
-------------------------+-------+-------+-------+-------++-------
Melee: Unarmed           |     5 |       |       |       ||     5
       Kick              |     2 |     5 |     8 |    23 ||    38
       Whip              |       |    14 |       |       ||    14
       Peck              |       |     1 |     2 |    18 ||    21
       Dagger            |       |       |    15 |       ||    15
       Staff             |       |       |     8 |   108 ||   116
 Cast: Shock             |    46 |    88 |    65 |    39 ||   238
       Static Discharge  |       |    23 |    67 |    61 ||   151
       Airstrike         |       |       |    50 |    69 ||   119
       Fireball          |       |       |       |     1 ||     1
  Use: Potion            |       |     2 |       |     4 ||     6
       Scroll            |       |       |     9 |    12 ||    21
 Stab: Sleeping          |       |     1 |     5 |       ||     6
       Distracted        |       |       |     1 |       ||     1
Armor: Robe              |     4 |     4 |     7 |       ||    15
       Leather armour    |       |       |     1 |     1 ||     2
       Steam dragon scal |       |       |       |    35 ||    35
Dodge: Dodged            |    10 |    27 |    56 |   151 ||   244
Block: Buckler           |       |       |     5 |    40 ||    45

Table legend: (Time is in decaauts)
 A = Elapsed time spent in this place.
 B = Non-inter-level travel time spent in this place.
 C = Inter-level travel time spent in this place.
 D = Time resting spent in this place.
 E = Time spent auto-exploring this place.
 F = Levels seen in this place.
 G = Mean time per level.
                   A        B        C        D        E       F      G
               +--------+--------+--------+--------+--------+-----+--------+
         Total |  18441 |  17759 |    682 |   5238 |   9755 |  14 | 1317.2 |
       Dungeon |  17919 |  17252 |    667 |   5238 |   9438 |  11 | 1629.0 |
        Temple |     90 |     76 |     14 |      0 |     60 |   1 |   90.0 |
          Lair |     41 |     41 |      0 |      0 |      0 |   1 |   41.0 |
      Gauntlet |    390 |    390 |      0 |      0 |    256 |   1 |  390.0 |
               +--------+--------+--------+--------+--------+-----+--------+

Top non-repeatable levels by time:
     D:5: 4150 daAuts
     D:4: 2101 daAuts
    D:10: 1762 daAuts
     D:9: 1597 daAuts
     D:7: 1571 daAuts
     D:3: 1458 daAuts
     D:1: 1401 daAuts
     D:2: 1401 daAuts
     D:8: 1194 daAuts
     D:6: 1066 daAuts
Gauntlet: 390 daAuts
    D:11: 213 daAuts
  Temple: 90 daAuts
  Lair:1: 41 daAuts
